 Dungeon Crawl Stone Soup version 0.30-a0-622-gddc90eaa04 (webtiles) character file.

Game seed: 14655963993845220757

4832 kae the Transmogrifier (level 10, 0/78 HPs)
             Began as a Demonspawn Transmuter on Jan 10, 2023.
             Was an Initiate of Ru.
             Slain by an orc wizard
             ... wielding a +0 dagger
              (3 damage)
             ... on level 9 of the Dungeon.
             The game lasted 00:11:58 (9528 turns).

kae the Transmogrifier (Demonspawn Transmuter)      Turns: 9528, Time: 00:11:58

Health: 0/78       AC:  8    Str: 13    XL:     10   Next: 25%
Magic:  0/19       EV: 10    Int: 17    God:    Ru [......]
Gold:   117        SH:  0    Dex: 13    Spells: 5/21 levels left

rFire   x . .      SeeInvis .      - Unarmed
rCold   + + +      Faith    .    (shield currently unavailable)
rNeg    . . .      Spirit   +    (body armour currently unavailable)
rPois   +          Reflect  .    (helmet currently unavailable)
rElec   .          Harm     .    (cloak currently unavailable)
rCorr   .          Rampage  .    (gloves currently unavailable)
Will    .....                    (boots currently unavailable)
Stlth   +                        G - amulet of guardian spirit
HPRegen 0.33/turn                L - ring of flight
MPRegen 0.32/turn                (no ring)

@: ice-form, wereblooded, on berserk cooldown, flying
A: freezing attack, amphibious, boosted hp, large, powered by death 2, magic
regeneration, (demonic touch 2)
a: End Transformation, Renounce Religion


You were on level 9 of the Dungeon.
You worshipped Ru.
Ru was noncommittal.
You were a creature of crystalline ice.
You visited 2 branches of the dungeon, and saw 10 of its levels.

You collected 477 gold pieces.
You spent 360 gold pieces at shops.


Innate Abilities, Weirdness & Mutations

You are a creature of crystalline ice.
You have a powerful freezing melee attack.
You are amphibious.
Your maximum health is increased.
Your armour is entirely melded.
You are incapable of wielding weapons or throwing items.
You regenerate health from kills.
You regenerate magic rapidly.
((Your touch may inflict irresistible damage on your foes.))


   Skills:
 - Level 1.0 Fighting
 - Level 1.7 Dodging
 + Level 6.5 Unarmed Combat
 + Level 6.3 Spellcasting
 * Level 8.8 Transmutations
 - Level 5.1 Ice Magic
 * Level 3.5 Earth Magic
 - Level 2.0 Poison Magic


You had 5 spell levels left.
You knew the following spells:

 Your Spells              Type           Power      Damage    Failure   Level
a - Beastly Appendage     Tmut           70%        N/A       1%          1
b - Wereblood             Tmut           35%        N/A       1%          2
c - Spider Form           Tmut/Pois      23%        N/A       4%          3
d - Ice Form              Ice/Tmut       29%        N/A       7%          4
e - Statue Form           Tmut/Erth      17%        N/A       83%         6

Your spell library contained the following spells:

 Spells                   Type           Power      Damage    Failure   Level
 Passwall                 Tmut/Erth      21%        N/A       1%          2
 Ensorcelled Hibernation  Hex/Ice        28%        N/A       7%          2
 Magic Dart               Conj           20%        1d4       12%         1
 Blink                    Tloc           10%        N/A       19%         2
 Momentum Strike          Conj/Tloc      10%        3d8       19%         2
 Searing Ray              Conj           10%        2d4       19%         2
 Static Discharge         Conj/Air       10%        2-3/arc   19%         2
 Sublimation of Blood     Necr           5%         N/A       19%         2
 Inner Flame              Hex/Fire       5%         N/A       36%         3
 Kindle Blastsparks       Fire/Tloc/Air  10%        2d10      36%         3
 Lesser Beckoning         Tloc           10%        N/A       36%         3
 Swiftness                Air            5%         N/A       36%         3
 Vhi's Electric Charge    Tloc/Air       10%        N/A       36%         3
 Leda's Liquefaction      Hex/Erth       5%         N/A       52%         4
 Lee's Rapid Deconstruct  Erth           8%         3d7*      63%         5
 Cause Fear               Hex            2%         N/A       77%         4
 Fulminant Prism          Conj/Hex       2%         3d5       77%         4
 Iskenderun's Mystic Bla  Conj/Tloc      5%         2d3       77%         4
 Arcjolt                  Conj/Air       2%         1d12      98%         5
 Lightning Bolt           Conj/Air       2%         1d14      98%         5
 Summon Forest            Summ/Tloc      2%         N/A       98%         5
 Summon Mana Viper        Hex/Summ       5%         N/A       98%         5
 Summon Cactus Giant      Summ           2%         N/A       100%        6
 Summon Hydra             Summ           2%         N/A       100%        7
 Discord                  Hex            2%         N/A       100%        8

Inventory:

Missiles
 d - 151 stones
 e - 8 poisoned darts (quivered)
 x - 2 boomerangs of dispersal {=f!f}
Armour
 a - a +1 robe (melded)
Jewellery
 f - a ring of fire
   (You found it on level 3 of the Dungeon)
 t - an amulet of reflection
   (You found it on level 4 of the Dungeon)
 C - a ring of ice
   (You found it on level 8 of the Dungeon)
 F - a ring of fire
   (You found it on level 3 of the Dungeon)
 G - an amulet of guardian spirit (around neck)
   (You found it on level 4 of the Dungeon)
 L - a ring of flight (left front paw)
   (You found it on level 7 of the Dungeon)
 T - an amulet of faith {!P}
   (You found it on level 8 of the Dungeon)
Wands
 w - a wand of polymorph (4)
   (You found it on level 8 of the Dungeon)
Scrolls
 i - a scroll of teleportation {@r4}
 j - 3 scrolls of enchant armour
 r - a scroll of poison {!r}
 u - a scroll of vulnerability {!r!r}
 v - a scroll of magic mapping {!r}
 y - a scroll of summoning
Potions
 b - a potion of lignification {!q}
 c - 2 potions of haste {@q3}
 g - 2 potions of brilliance
 k - 2 potions of attraction {!q}
 l - a potion of heal wounds {@q2}
 n - 3 potions of magic
 o - a potion of flight
 p - 3 potions of curing {@q1}
 q - 2 potions of mutation {!q}
 s - a potion of might {unknown}

Dungeon Overview and Level Annotations

Branches:
Dungeon (9/15) Zot: 26828  Temple (1/1) D:7 Zot: 5893
   Lair: D:8-11         Orc: D:9-12

Altars:
Ashenzari
Cheibriados
Dithmenos
Fedhas
Gozag
Hepliaklqana
Kikubaaqudgha
Makhleb
Nemelex Xobeh
Okawaru
Qazlal
Ru
Sif Muna
Trog
Uskayaw
Vehumet
Wu Jian
Xom
Yredelemnul

Shops:
D:3 :*   D:6 =

Annotations:
D:7 2 transporters

##### ##### #...#
#(...
####Y..########[###
#.YYY..'..)).>..##
#{##...########....
#.##.....# ####.
#)##...#.'. ##
#.##...###.
#.##...# #.##...#
#)###### #.#


You could see 3 yaks.


Message History

You pummel the yak!! You freeze the yak.
You kill the yak! 😮 MP[+1] Unknown command.
You punch the yak! You freeze the yak. The yak gores you. 😮 HP[-2]
You take 2 damage, and now have 67/116 hp.
You punch the yak! You freeze the yak. You punch the yak! You freeze the yak.
You kill the yak! 😮 HP[+1] Unknown command.
You are no longer berserk.
You are exhausted.
You feel yourself slow down. 😮 HP[-22] MP[+1]
You now have 78 max hp (-38).
Okay, then.
Your magical effects are unravelling.
You feel magically purged.
You warm up again.
Your +1 robe unmelds from your body.
You feel yourself speed up. 😮 HP[-6]
You now have 65 max hp (-13).
Casting: Ice Form (dangerous; 7% risk of failure)
Confirm with . or Enter, or press ? or * to list all spells.
You turn into a creature of crystalline ice.
Your +1 robe melds into your body.
The yak gores you!
* * * LOW HITPOINT WARNING * * *
An orc wizard comes into view.
It is wielding a +0 dagger. 😨 HP[-1] MP[-5]
You now have 78 max hp (+13).
You lost 5 mp, and now have 6/19 mp.
Casting: Ice Form (dangerous; 7% risk of failure)
Confirm with . or Enter, or press ? or * to list all spells.
Your blood is infused with primal strength.
The orc wizard shouts!
The yak barely misses you.
The orc wizard points at you and mumbles some strange words.
You easily resist.
The yak gores you.
* * * LOW HITPOINT WARNING * * *
😨 HP[-1] MP[-2]
You take 1 damage, and now have 38/78 hp.
You lost 2 mp, and now have 4/19 mp.
You completely miss the yak. The yak completely misses you.
The orc wizard gestures wildly while chanting.
The orc wizard flickers and vanishes!
Deactivating autopickup; reactivate with Ctrl-A. 😨 MP[+1] Unknown command.
You hit the yak. You freeze the yak. The yak closely misses you. 😨 HP[+1]
You barely miss the yak. The yak gores you but does no damage.
A magic dart appears from out of thin air!
The magic dart hits you.
* * * LOW HITPOINT WARNING * * *
😨 HP[-5] MP[-1]
You take 5 damage, and now have 34/78 hp.
You lost 1 mp, and now have 4/19 mp.
You punch the yak! You freeze the yak! The yak gores you!
* * * LOW HITPOINT WARNING * * *
A magic dart appears from out of thin air!
The magic dart hits you!
* * * LOW HITPOINT WARNING * * *
😱 HP[-16] MP[-2]
You take 16 damage, and now have 18/78 hp.
MASSIVE DAMAGE!! (PAUSE)
You lost 2 mp, and now have 2/19 mp.
You punch the yak! You freeze the yak.
You feel a bit better.
You kill the yak! 😨 HP[+2] MP[+1]
You regained 2 hp, and now have 20/78 hp.
You feel much better.
The yak gores you but does no damage. 😮 HP[+26]
You regained 26 hp, and now have 46/78 hp.
You hit the yak but do no damage.
You howl as the wereblood boils in your veins!
You completely miss the yak. The yak gores you!
* * * LOW HITPOINT WARNING * * *
😨 HP[-10]
You take 10 damage, and now have 36/78 hp.
You punch the yak! You freeze the yak.
You howl as the wereblood boils in your veins!
The yak gores you!
* * * LOW HITPOINT WARNING * * *
😨 HP[-9] MP[-1]
You take 9 damage, and now have 27/78 hp.
You lost 1 mp, and now have 2/19 mp.
You punch something! You freeze something. The yak gores you!
* * * LOW HITPOINT WARNING * * *
Something hits you but does no damage. 😱 HP[-13] MP[-1]
You take 13 damage, and now have 14/78 hp.
You lost 1 mp, and now have 1/19 mp.
You hit something. You freeze something. The yak gores you!
* * * LOW HITPOINT WARNING * * *
Something hits you.
You die...

Skill      XL: |  1  2  3  4  5  6  7  8  9 10 |
---------------+-------------------------------+-----
Transmutations | 2 3 4 5 6 8 |  8.8
Unarmed Combat | 3 4 5 6 |  6.5
Poison Magic   | 1 2 |  2.0
Spellcasting   | 3 4 5 6 |  6.3
Ice Magic      | 1 3 5 |  5.1
Earth Magic    | 2 3 |  3.5
Fighting       | |  1.0
Dodging        | |  1.7

Action                   |  1- 3 |  4- 6 |  7- 9 | 10-12 || total
-------------------------+-------+-------+-------+-------++-------
Melee: Unarmed           |    80 |   103 |   265 |    27 ||   475
       Kick              |    14 |     6 |       |       ||    20
       Headbutt          |     8 |     3 |       |       ||    11
       Punch             |     2 |     1 |       |       ||     3
       Touch             |       |     1 |       |       ||     1
Throw: Dart              |       |       |    14 |       ||    14
 Cast: Beastly Appendage |    19 |    10 |     1 |       ||    30
       Spider Form       |     1 |    16 |     7 |       ||    24
       Wereblood         |       |     2 |    10 |     1 ||    13
       Ice Form          |       |       |    35 |     1 ||    36
Evoke: Wand              |       |       |     1 |       ||     1
  Use: Scroll            |     3 |     4 |    14 |       ||    21
       Potion            |       |       |     2 |     3 ||     5
 Stab: Sleeping          |     1 |     1 |       |       ||     2
Armor: Robe              |    15 |     4 |     1 |       ||    20
       Skin              |       |     5 |    94 |     6 ||   105
Dodge: Dodged            |    42 |    59 |   149 |     8 ||   258

Levels and vault maps discovered:
D:1:      saegor_arrival_fortress, layout_basic, minmay_heptomino_h4
D:2:      layout_loops_ring, wander_ebering_terrifying_dragon_lair
D:3:      layout_basic, serial_shops, nicolae_shop_advertising_works
          [nicolae_subvault_shop_adworks], shop, uniq_sigmund, uniq_terence
D:4:      kennysheep_spiral_hall, layout_basic, mainiacjoe_overflow_alcove_1
D:5:      layout_cave_pods
D:6:      layout_gridville, tgw_sif, nicolae_overflow_two_pavilions,
          serial_shops, nicolae_shop_waterfront
D:7:      gammafunk_steamed_eel, layout_cave_pods, temple_doors_ab
D:8:      layout_loops_cross, grunt_temple_overflow_diamond,
          nzn_wu_jian_contemplation
D:9:      minmay_sliced_demisemicircle, layout_basic, minmay_lair_entry_grove,
          uniq_joseph
Temple:   nicolae_temple_two_arcs

Notes
Turn   | Place    | Note
-------+----------+-------------------------------------------
     0 | D:1      | kae the Demonspawn Transmuter began the quest for the Orb.
     0 | D:1      | Reached XP level 1. HP: 15/15 MP: 3/3
     0 | D:1      | magus.rc [v1.11.3]
    64 | D:1      | Reached skill level 2 in Transmutations
    71 | D:1      | Gained mutation: You regenerate a little health from kills.
                  | [demonic ancestry]
    71 | D:1      | Reached XP level 2. HP: 16/21 MP: 0/5
   167 | D:1      | You pick up a book of Blood and begin reading...
   167 | D:1      | You add the spells Sublimation of Blood and Summon Hydra to
                  | your library.
   218 | D:1      | You pick up a book of Hexes and begin reading...
   218 | D:1      | You add the spells Inner Flame, Cause Fear and Discord to
                  | your library.
   642 | D:1      | Reached skill level 3 in Unarmed Combat
   685 | D:1      | Reached XP level 3. HP: 26/26 MP: 4/6
   689 | D:1      | Learned a level 2 spell: Wereblood
   693 | D:1      | Learned a level 3 spell: Spider Form
   917 | D:1      | You pick up a book of Blasting and begin reading...
   917 | D:1      | You add the spells Kindle Blastsparks, Fulminant Prism,
                  | Iskenderun's Mystic Blast and Lee's Rapid Deconstruction to
                  | your library.
  1050 | D:2      | You pick up a book of the Wilderness and begin reading...
  1050 | D:2      | You add the spells Summon Forest, Summon Mana Viper and
                  | Summon Cactus Giant to your library.
  1520 | D:1      | Reached skill level 1 in Poison Magic
  1520 | D:1      | Gained mutation: Your touch may inflict minor irresistible
                  | damage on your foes. [demonic ancestry]
  1520 | D:1      | Reached XP level 4. HP: 16/32 MP: 4/7
  1632 | D:2      | Reached skill level 3 in Transmutations
  1912 | D:3      | Found Poceq's Book Shoppe.
  1997 | D:3      | Found Hiceittu's General Store.
  2020 | D:3      | Identified the +9 short sword "Zeitoc" {freeze, Stlth+}
  2303 | D:3      | Noticed Terence
  2311 | D:3      | Killed Terence
  2312 | D:3      | Reached XP level 5. HP: 31/37 MP: 5/9
  2326 | D:3      | Reached skill level 2 in Poison Magic
  2618 | D:3      | Noticed Sigmund
  2634 | D:3      | Killed Sigmund
  2635 | D:3      | Reached skill level 3 in Spellcasting
  2635 | D:3      | Reached skill level 4 in Transmutations
  2635 | D:3      | Gained mutation: You regenerate health from kills. [demonic
                  | ancestry]
  2635 | D:3      | Reached XP level 6. HP: 39/43 MP: 7/10
  2877 | D:4      | Learned a level 4 spell: Ice Form
  3005 | D:4      | You pick up a book of Lightning and begin reading...
  3005 | D:4      | You add the spells Static Discharge, Vhi's Electric Charge,
                  | Lightning Bolt and Arcjolt to your library.
  3288 | D:4      | Reached skill level 1 in Ice Magic
  3527 | D:4      | Reached skill level 4 in Unarmed Combat
  3614 | D:4      | Reached XP level 7. HP: 48/48 MP: 8/12
  3733 | D:4      | Found a broken altar of Ashenzari.
  3754 | D:5      | Entered Level 5 of the Dungeon
  3833 | D:5      | Reached skill level 2 in Ice Magic
  3839 | D:5      | Identified the +8 bardiche of Inoirch {heavy, rC++ Will-
                  | rCorr Stlth+}
  4029 | D:5      | HP: 14/57 [gnoll sergeant/+0 trident (9)]
  4160 | D:5      | HP: 11/57 [gnoll/+0 spear[a gnoll sergeant] (7)]
  4390 | D:5      | Reached skill level 5 in Transmutations
  4455 | D:5      | Reached skill level 4 in Spellcasting
  4470 | D:5      | Reached skill level 3 in Ice Magic
  4477 | D:5      | HP: 12/56 [gnoll/+0 halberd[a gnoll bouda] (9)]
  4735 | D:5      | Gained mutation: Your touch may inflict irresistible damage
                  | on your foes. [demonic ancestry]
  4735 | D:5      | Reached XP level 8. HP: 54/54 MP: 7/14
  5378 | D:6      | Reached skill level 4 in Ice Magic
  5591 | D:6      | Reached skill level 6 in Transmutations
  5743 | D:6      | Reached skill level 5 in Unarmed Combat
  5843 | D:6      | Found Mewee's Jewellery Emporium.
  6079 | D:6      | You pick up a book of Burglary and begin reading...
  6079 | D:6      | You add the spells Passwall, Ensorcelled Hibernation and
                  | Swiftness to your library.
  6244 | D:6      | Reached skill level 5 in Spellcasting
  6244 | D:6      | Reached skill level 5 in Ice Magic
  6244 | D:6      | Reached XP level 9. HP: 59/59 MP: 16/16
  6266 | D:6      | Found an ancient bone altar of Kikubaaqudgha.
  6266 | D:6      | Found a hide-covered altar of Uskayaw.
  6352 | D:6      | Found a shimmering blue altar of Sif Muna.
  6690 | D:7      | Reached skill level 7 in Transmutations
  6755 | D:7      | You fall into a shaft and drop 1 floor!
  6755 | D:8      | Found an ornate altar of the Wu Jian Council.
  7173 | D:7      | Found a transporter.
  7469 | D:7      | Found a transporter.
  7505 | D:7      | Reached skill level 6 in Unarmed Combat
  7514 | D:7      | You pick up a book of Conjurations and begin reading...
  7514 | D:7      | You add the spells Magic Dart and Searing Ray to your
                  | library.
  7821 | D:7      | Found a staircase to the Ecumenical Temple.
  7956 | Temple   | Entered the Ecumenical Temple
  8179 | D:3      | Bought a book of the Earth for 360 gold pieces
  8179 | D:3      | You pick up a book of the Earth and begin reading...
  8179 | D:3      | You add the spells Leda's Liquefaction and Statue Form to
                  | your library.
  8205 | D:4      | Learned a level 6 spell: Statue Form
  8486 | D:8      | Reached skill level 8 in Transmutations
  8582 | D:8      | Reached skill level 1 in Earth Magic
  8600 | D:8      | Found a snail-covered altar of Cheibriados.
  8603 | D:8      | Found a sacrificial altar of Ru.
  8705 | D:8      | Became a worshipper of Ru the Awakened
  8998 | D:8      | Reached skill level 6 in Spellcasting
  9020 | D:8      | You pick up a book of Spatial Translocations and begin
                  | reading...
  9020 | D:8      | You add the spells Blink, Momentum Strike and Lesser
                  | Beckoning to your library.
  9352 | D:9      | Reached skill level 2 in Earth Magic
  9469 | D:9      | Noticed Joseph
  9481 | D:9      | Killed Joseph
  9482 | D:9      | Gained mutation: You regenerate magic rapidly. [demonic
                  | ancestry]
  9482 | D:9      | Reached XP level 10. HP: 51/65 MP: 4/19
  9491 | D:9      | Noticed a swamp dragon
  9501 | D:9      | Reached skill level 3 in Earth Magic
  9521 | D:9      | HP: 18/78 [something/magic dart (8)]
  9527 | D:9      | HP: 14/78 [yak (13)]
  9528 | D:9      | HP: 3/78 [yak (11)]
  9528 | D:9      | Slain by an orc wizard

Vanquished Creatures
  Joseph (D:9)
  A merfolk (shapeshifter) (D:9)
  A slime creature (D:9)
  Sigmund (D:3)
  A wyvern (D:9)
  3 yaks (D:9)
  2 steam dragons
  2 water moccasins (D:6)
  2 orc warriors
  An ice beast (D:6)
  A sky beast (D:6)
  3 black bears
  3 ogres
  A centaur (D:7)
  A phantom (D:6)
  3 bullfrogs
  A gnoll sergeant (D:5)
  A scorpion (D:7)
  14 wights
  An electric eel (D:6)
  4 jellies
  6 orc priests
  3 hounds
  A gnoll bouda (D:5)
  Terence (D:3)
  6 orc wizards
  13 gnolls
  5 adders
  A shadow imp (D:7)
  An ufetubus (D:7)
  3 worms
  4 dart slugs
  24 orcs
  7 ball pythons
  4 bats
  6 endoplasms
  4 giant cockroaches
  4 goblins
  10 hobgoblins
  6 kobolds
  2 frilled lizards
  6 rats
165 creatures vanquished.

Vanquished Creatures (collateral kills)
  2 rats (D:1)
2 creatures vanquished.

Grand Total: 167 creatures vanquished

Table legend:
 A = Non-vault XP
 B = Vault XP
 C = Vault XP percentage of total XP
 D = Non-vault monster count
 E = Vault monster count
 F = Vault count percentage of total count
                 A         B        C        D         E       F
            +---------+---------+-------+---------+---------+-------
      Total |    5572 |    1331 |  19.3 |     153 |      14 |   8.4
            +---------+---------+-------+---------+---------+-------
        D:1 |      58 |       4 |   6.5 |      26 |       3 |  10.3
        D:2 |      67 |       1 |   1.5 |      10 |       1 |   9.1
        D:3 |      44 |     250 |  85.0 |      10 |       2 |  16.7
        D:4 |     141 |     171 |  54.8 |      22 |       4 |  15.4
        D:5 |     839 |       0 |   0.0 |      21 |       0 |   0.0
        D:6 |    1485 |      35 |   2.3 |      16 |       1 |   5.9
        D:7 |     806 |       0 |   0.0 |      16 |       0 |   0.0
        D:8 |    1028 |       0 |   0.0 |      23 |       0 |   0.0
        D:9 |    1104 |     870 |  44.1 |       9 |       3 |  25.0
            +---------+---------+-------+---------+---------+-------

Illustrated notes

Table legend:
 A = Kills in this place as a percentage of kills in entire the game.
 B = Kills by you in this place as a percentage of kills by you in the entire game.
 C = Kills by friends in this place as a percentage of kills by friends in the entire game.
 D = Other kills in this place as a percentage of other kills in the entire game.
 E = Experience gained in this place as a percentage of experience gained in the entire game.
 F = Experience gained in this place divided by the number of levels of this place that you have seen.
                   A       B       C       D       E      F
               +-------+-------+-------+-------+-------+----------------------
         Total | 100.0 | 100.0 | 100.0 |   N/A | 100.0 | 690.3
       Dungeon | 100.0 | 100.0 | 100.0 |   N/A | 100.0 | 767.0
               +-------+-------+-------+-------+-------+----------------------

Table legend: (Time is in decaauts)
 A = Elapsed time spent in this place.
 B = Non-inter-level travel time spent in this place.
 C = Inter-level travel time spent in this place.
 D = Time resting spent in this place.
 E = Time spent auto-exploring this place.
 F = Levels seen in this place.
 G = Mean time per level.
                   A        B        C        D        E       F      G
               +--------+--------+--------+--------+--------+-----+--------+
         Total |   9489 |   8833 |    656 |    468 |   6957 |  10 |  948.9 |
       Dungeon |   9382 |   8735 |    647 |    468 |   6872 |   9 | 1042.4 |
        Temple |    106 |     98 |      8 |      0 |     85 |   1 |  106.0 |
               +--------+--------+--------+--------+--------+-----+--------+

Top non-repeatable levels by time:
     D:6: 1503 daAuts
     D:4: 1279 daAuts
     D:8: 1216 daAuts
     D:5: 1172 daAuts
     D:7: 1169 daAuts
     D:1: 1109 daAuts
     D:3: 1006 daAuts
     D:2: 754 daAuts
     D:9: 170 daAuts
  Temple: 106 daAuts
